 Dungeon Crawl Stone Soup version 0.28-a0-938-gbc3f381ebc (webtiles) character file.

Game seed: 8915837526882740042

498 Peloso the Covered (level 6, -11/55 HPs)
             Began as a Minotaur Fighter on Nov 28, 2021.
             Mangled by an ogre (18 damage)
             ... on level 4 of the Dungeon.
             The game lasted 00:05:32 (3495 turns).

Peloso the Covered (Minotaur Fighter)               Turns: 3495, Time: 00:05:33

Health: -11/55     AC: 13    Str: 21    XL:     6   Next: 94%
Magic:  5/5        EV:  4    Int:  5    God:
Gold:   341        SH: 13    Dex: 11    Spells: 5/5 levels left

rFire   . . .      SeeInvis .   a - +0 long sword
rCold   . . .      Faith    .   c - +0 tower shield
rNeg    . . .      Spirit   .   m - +0 chain mail
rPois   .          Reflect  .   (helmet restricted)
rElec   .          Harm     .   (no cloak)
rCorr   .          Rampage  .   j - +0 pair of gloves
Will    .....                   n - +1 pair of boots
Stlth   ..........              (no amulet)
HPRegen 0.18/turn               (no ring)
MPRegen 0.09/turn               (no ring)

@: mighty
A: horns 2, retaliatory headbutt
a: no special abilities


You were on level 4 of the Dungeon.
You visited 1 branch of the dungeon, and saw 4 of its levels.

You collected 341 gold pieces.

Inventory:

Hand Weapons
 a - a +0 long sword (weapon)
Armour
 b - a +0 scale mail
 c - a +0 tower shield (worn)
 j - a +0 pair of gloves (worn)
 m - a +0 chain mail (worn)
 n - a +1 pair of boots (worn)
Jewellery
 f - a ring of positive energy
 i - a +6 ring of intelligence
Scrolls
 e - 3 scrolls of identify {unknown}
 k - a scroll of magic mapping {unknown}
 o - 4 scrolls of summoning {unknown}
Potions
 g - 4 potions of curing
 h - a potion of lignification {unknown}
 l - 2 potions of heal wounds {unknown}


   Skills:
 + Level 4.8 Fighting
 + Level 5.6 Long Blades
 + Level 5.7 Armour
 + Level 1.8 Dodging
 + Level 0.2 Stealth
 + Level 5.1 Shields


You had 5 spell levels left.
You didn't know any spells.
Your spell library contained the following spells:

 Spells                   Type           Power      Damage    Failure   Level
 Sting                    Tmut/Pois      0%         1d3       100%        1
 Corpse Rot               Necr/Air       0%         N/A       100%        2
 Poisonous Vapours        Pois/Air       0%         N/A       100%        2
 Sublimation of Blood     Necr           0%         N/A       100%        2
 Wereblood                Tmut           0%         N/A       100%        2
 Gell's Gravitas          Tloc           0%         N/A       100%        3
 Teleport Other           Tloc           0%         N/A       100%        3
 Olgreb's Toxic Radiance  Pois           0%         N/A       100%        4
 Dispersal                Tloc           0%         N/A       100%        6
 Summon Hydra             Summ           0%         N/A       100%        7


Dungeon Overview and Level Annotations

Branches:
Dungeon (4/15)
 Temple: D:4-7

Altars:
Beogh

Shops:
D:3 [

Annotations:
D:4 Grinder


Innate Abilities, Weirdness & Mutations

You have a pair of horns on your head.
You reflexively headbutt those who attack you in melee.


Message History

You kill the adder!
You see here an adder corpse.
You see here 28 stones.
Things that are here:
a +0 club; a goblin corpse; an adder corpse You see here a +0 club.
g - 4 potions of curing (gained 1)
Found a stone staircase leading up.
Grinder comes into view.
Grinder shouts!
Grinder moves out of view.
An ogre comes into view. It is wielding a +0 giant club.
The ogre shouts!
Grinder blinks!
You hit the ogre.
The ogre is lightly wounded.
The ogre hits you with a +0 giant club!
You barely miss the ogre.
The ogre is lightly wounded.
The ogre hits you with a +0 giant club! Grinder hits you.
You hit the ogre. You headbutt the ogre!
The ogre is heavily wounded.
The ogre hits you but does no damage. You block Grinder's attack.
You block the ogre's attack.
You feel very mighty all of a sudden. You block Grinder's attack.
You hit Grinder.
Grinder is lightly wounded.
You block the ogre's attack. Grinder hits you.
You writhe in agony.
Grinder gestures at you.
You suddenly lose the ability to move!
The ogre hits you with a +0 giant club!
* * * LOW HITPOINT WARNING * * *
Grinder hits you.
* * * LOW HITPOINT WARNING * * *
You can move again.
You slash Grinder!
Grinder is moderately wounded.
The ogre hits you with a +0 giant club!!
You die...

.....##.......... ...
.....#............#...
..................#...##
.........<............#.
................#.......
................##......
#.....5.........###.....
#.....O@................
.........#..#.....##....
......####..##.....#....
.##... ##.....#.....รท.
.... ##......#(......
..... ..........#.......
.... ###...............
#### ##..#........#..
#..##........##[


You could see Grinder and an ogre.

Vanquished Creatures
  2 black bears (D:4)
  A phantom (D:4)
  2 orc priests (D:3)
  Jessica (D:3)
  An orc wizard (D:3)
  2 adders (D:4)
  2 worms
  4 dart slugs
  6 orcs
  7 endoplasms
  6 giant cockroaches
  9 goblins
  9 hobgoblins
  7 quokkas
  9 ball pythons
  7 bats
  9 frilled lizards
  6 kobolds
  3 rats
93 creatures vanquished.

Notes
Turn   | Place    | Note
-------+----------+-------------------------------------------
     0 | D:1      | Peloso the Minotaur Fighter began the quest for the Orb.
     0 | D:1      | Reached XP level 1. HP: 19/19 MP: 0/0
   108 | D:1      | Reached XP level 2. HP: 22/27 MP: 1/1
   291 | D:1      | Reached XP level 3. HP: 23/33 MP: 2/2
  1230 | D:2      | Reached XP level 4. HP: 41/41 MP: 3/3
  1828 | D:3      | Reached skill level 1 in Dodging
  1828 | D:3      | Reached XP level 5. HP: 14/47 MP: 4/4
  2245 | D:3      | Noticed Jessica
  2251 | D:3      | Killed Jessica
  2631 | D:3      | Found Ycun's Antique Armour Shoppe.
  2853 | D:4      | Noticed a phantom
  2870 | D:4      | Killed a phantom
  2871 | D:4      | Reached skill level 5 in Long Blades
  2871 | D:4      | Reached skill level 5 in Armour
  2871 | D:4      | Reached XP level 6. HP: 48/53 MP: 5/5
  3128 | D:4      | Reached skill level 5 in Shields
  3484 | D:4      | Noticed Grinder
  3493 | D:4      | Paralysed by Grinder for 2 turns
  3495 | D:4      | Mangled by an ogre

Illustrated notes

Levels and vault maps discovered:
D:1:      scummos_arrival_gate, layout_rooms, minmay_quantized
D:2:      layout_basic
D:3:      layout_rooms, serial_shops, nicolae_shop_hallway_stairs,
          kennysheep_orc_chapel, uniq_jessica
D:4:      kennysheep_spiral_hall, layout_cave_pools, uniq_grinder

Skill      XL: |  1  2  3  4  5  6 |
---------------+-------------------+-----
Shields        | 4 5 |  5.1
Fighting       | 4 |  4.8
Armour         | 4 5 |  5.7
Long Blades    | 3 4 5 |  5.6
Dodging        | 1 |  1.8
Stealth        | |  0.2

Action                   |  1- 3 |  4- 6 || total
-------------------------+-------+-------++-------
Melee: Long sword        |   105 |   130 ||   235
       Headbutt          |     9 |    20 ||    29
  Use: Potion            |       |     2 ||     2
Armor: Scale mail        |    77 |    10 ||    87
       Chain mail        |       |    81 ||    81
Dodge: Dodged            |    74 |    36 ||   110
Block: Buckler           |    25 |    10 ||    35
       Tower shield      |       |    82 ||    82

Table legend: (Time is in decaauts)
 A = Elapsed time spent in this place.
 B = Non-inter-level travel time spent in this place.
 C = Inter-level travel time spent in this place.
 D = Time resting spent in this place.
 E = Time spent auto-exploring this place.
 F = Levels seen in this place.
 G = Mean time per level.
                   A        B        C        D        E       F      G
               +--------+--------+--------+--------+--------+-----+--------+
         Total |   3578 |   3556 |     22 |      0 |   2624 |   4 |  894.5 |
       Dungeon |   3578 |   3556 |     22 |      0 |   2624 |   4 |  894.5 |
               +--------+--------+--------+--------+--------+-----+--------+

Top non-repeatable levels by time:
     D:3: 1181 daAuts
     D:2: 904 daAuts
     D:1: 823 daAuts
     D:4: 668 daAuts
